 Dungeon Crawl Stone Soup version 0.17.1-3-g152610e (webtiles) character file.

50 Gargoyl the Skirmisher (level 3, -4/30 HPs)
             Began as a Demonspawn Abyssal Knight on Mar 14, 2016.
             Was a Believer of Lugonu.
             Killed by nerve-wracking pain
             ... invoked by Jessica
              (10 damage)
             ... on level 2 of the Dungeon.
             The game lasted 00:02:55 (1368 turns).

Gargoyl the Skirmisher (Demonspawn Abyssal Knight)  Turns: 1368, Time: 00:02:55

Health: -4/30      AC:  8    Str:  9 (13) XL:     3   Next: 55%
Magic:  5/5        EV: -2    Int: 13      God:    Lugonu [**....]
Gold:   118        SH:  3    Dex: 12      Spells: 0 memorised, 2 levels left

rFire  . . .     SeeInvis .     a - +1 hand axe
rCold  . . .     Clarity  .     m - +0 chain mail
rNeg   . . .     SustAt   .     r - +0 buckler
rPois  .         Gourm    .     (no helmet)
rElec  .         Spirit   .     (no cloak)
rCorr  .         Warding  .     (no gloves)
rMut   .         Stasis   .     (no boots)
MR     .....                    (no amulet)
Stlth  ..........               (no ring)
                                (no ring)

@: not resistant to hostile enchantments, extremely unstealthy
A: nightstalker 1
a: Depart the Abyss, Bend Space, Renounce Religion


You were on level 2 of the Dungeon.
You worshipped Lugonu.
Lugonu was pleased with you.
You were not hungry.

You visited 1 branch of the dungeon, and saw 2 of its levels.
You visited the Abyss 1 time.

You collected 118 gold pieces.

Inventory:

Hand Weapons
 a - a +1 hand axe (weapon)
Armour
 m - a +0 chain mail (worn)
 r - a +0 buckler (worn)
Wands
 e - a wand of invisibility (4)
Scrolls
 b - a scroll of fog {unknown}
 d - a scroll of noise {unknown}
 f - a scroll of immolation {unknown}
 g - a scroll of random uselessness {unknown}
 j - a scroll of amnesia {unknown}
 l - 3 scrolls of identify {unknown}
 n - 2 scrolls of remove curse {unknown}
 o - 2 scrolls of teleportation {unknown}
 q - a scroll of fear {unknown}
 t - a scroll of enchant weapon {unknown}
Potions
 p - a potion of curing
Comestibles
 c - a bread ration
 h - a beef jerky
 i - a fruit
 k - 2 meat rations


   Skills:
 + Level 3.7 Fighting
 + Level 2.0 Axes
 + Level 2.1 Armour
 + Level 1.1 Dodging
 + Level 0.1 Shields
 + Level 3.1 Invocations


You had 2 spell levels left.
You didn't know any spells.

Dungeon Overview and Level Annotations

Branches:
Dungeon (2/15)

Altars:
Nemelex Xobeh
Sif Muna
Trog

Annotations:
D:2 Jessica


Innate Abilities, Weirdness & Mutations

You are slightly more attuned to the shadows.


Message History

Jessica hits you with an enchanted club!
* * * LOW HITPOINT WARNING * * *
There is a stone staircase leading up here.
Drink which item? (? for menu, Esc to quit)
It was a potion of curing.
You feel better.
Jessica hits you with an enchanted club.
* * * LOW HITPOINT WARNING * * *
Jessica closely misses you.
Drink which item? (? for menu, Esc to quit)
It was a potion of degeneration.
There was something very wrong with that liquid.
You feel weakened. Jessica hits you but does no damage.
You hit Jessica.
Jessica is moderately wounded.
Jessica mumbles some strange words.
Jessica blinks!
Jessica gestures at you while chanting. Pain shoots through your body!
You die...

.. .. .# #.###.#####.#
........... ####........
#.........# #.........#
############## #.....†...#
.(...........#####.........####
.####.####.#....@§.............
.# #^#..#.#######.........####
.# +.+..#.# #.........#
.####.##'#.# #..@......#
....[......# #.........#
.####.##†#.# ##.##.#####
.#..#.#..#.# #.##.####
.#..'.'..#.# #..§.....
.#'##.####.# #.....###


You could see Jessica.

Vanquished Creatures
  An ooze (D:2)
  3 worms (D:2)
  2 giant cockroaches (D:1)
  A goblin (D:2)
  6 hobgoblins
  2 jackals (D:2)
  3 kobolds (D:1)
  A ball python (D:1)
  7 bats
  2 giant newts (D:1)
  9 rats
37 creatures vanquished.

Notes
Turn   | Place    | Note
--------------------------------------------------------------
     0 | Abyss:1  | Gargoyl the Demonspawn Abyssal Knight began the quest for the Orb.
     0 | Abyss:1  | Reached XP level 1. HP: 18/18 MP: 2/2
    44 | Abyss:1  | Noticed a wizard
    69 | Abyss:2  | Noticed a thrashing horror
    73 | D:1      | Escaped the Abyss
   148 | D:1      | Reached * piety under Lugonu
   154 | D:1      | Gained mutation: You are slightly more attuned to the shadows. [demonic ancestry]
   154 | D:1      | Reached XP level 2. HP: 12/24 MP: 4/4
   552 | D:1      | Reached skill level 1 in Dodging
   603 | D:1      | Found a sparkling altar of Nemelex Xobeh.
   716 | D:2      | Found a bloodstained altar of Trog.
   721 | D:2      | Found a deep blue altar of Sif Muna.
   771 | D:2      | Reached ** piety under Lugonu
   798 | D:2      | Reached XP level 3. HP: 29/29 MP: 5/5
   897 | D:2      | HP: 1/29 [worm (6)]
  1345 | D:2      | Noticed Jessica
  1368 | D:2      | Killed from afar by Jessica

Action                   || total
-------------------------++-------
Melee: Hand axe          ||   108
Invok: Depart the Abyss  ||     1
  Use: Potion            ||     2
  Eat: Chunk             ||     2
